 Dungeon Crawl Stone Soup version 0.29.0-4-gdea44cf6ec (webtiles) character file.

Game seed: 7498072483800610593

7 qw the Chopper (level 2, -3/17 HPs)
             Began as a Tengu Warper on Aug 28, 2022.
             Killed from afar by a dart slug (5 damage)
             ... with a slug dart
             ... on level 1 of the Dungeon.
             The game lasted 00:00:01 (447 turns).

qw the Chopper (Tengu Warper)                        Turns: 447, Time: 00:00:02

Health: -3/17      AC:  3    Str: 11    XL:     2   Next: 4%
Magic:  6/6        EV: 11    Int: 13    God:
Gold:   13         SH:  0    Dex: 13    Spells: 5/5 levels left

rFire   . . .      SeeInvis .   a - +0 hand axe
rCold   . . .      Faith    .   (no shield)
rNeg    . . .      Spirit   .   b - +0 leather armour
rPois   .          Reflect  .   (helmet restricted)
rElec   .          Harm     .   (no cloak)
rCorr   .          Rampage  .   (no gloves)
Will    .....                   (boots unavailable)
Stlth   +.........              (no amulet)
HPRegen 0.05/turn               (no ring)
MPRegen 0.10/turn               (no ring)

@: no status effects
A: beak, talons 3
a: no special abilities


You were on level 1 of the Dungeon.
You visited 1 branch of the dungeon, and saw 1 of its levels.

You collected 13 gold pieces.


Innate Abilities, Weirdness & Mutations

You have a beak for a mouth.
You have claws for feet.


   Skills:
 - Level 2.0 Fighting
 + Level 3.0 Axes
 - Level 1.0 Throwing
 - Level 1.1 Armour
 - Level 2.1 Dodging
 - Level 2.0 Spellcasting
 - Level 2.4 Translocations


You had 5 spell levels left.
You didn't know any spells.
Your spell library contained the following spells:

 Spells                   Type           Power      Damage    Failure   Level
 Blink                    Tloc           14%        N/A       19%         2
 Gell's Gravitas          Tloc           7%         N/A       36%         3
 Lesser Beckoning         Tloc           7%         N/A       36%         3
 Teleport Other           Tloc           7%         N/A       36%         3
 Manifold Assault         Tloc           7%         N/A       98%         5

Inventory:

Hand Weapons
 a - a +0 hand axe (weapon)
 d - a +0 whip
Armour
 b - a +0 leather armour (worn)
Scrolls
 c - a scroll of blinking
 f - a scroll of noise {unknown}
Potions
 e - a potion of flight {unknown}

Dungeon Overview and Level Annotations

Branches:
Dungeon (1/15)

Altars:


Message History

Found a knobbly coral ring and 16 gold pieces.
The goblin shouts!
The bat moves out of view.
The quokka barely misses you.
You hit the quokka. You peck the quokka.
You kill the quokka!
The dart slug launches a dart at you. The slug dart hits you.
You have reached level 2!
An endoplasm comes into view.
The dart slug launches a dart at you. The slug dart hits you.
The goblin barely misses you.
The endoplasm quivers.
You hit the goblin.
You kill the goblin!
The dart slug launches a dart at you. The slug dart misses you.
Your Axes skill increases to level 3!
The bat closely misses you. The bat hits you but does no damage.
You hit the bat.
The bat is severely wounded.
You hit the endoplasm. The bat barely misses you.
The endoplasm closely misses you. The dart slug launches a dart at you.
The slug dart hits you.
You hit the endoplasm. You claw the endoplasm.
The endoplasm is severely wounded.
The bat closely misses you. The endoplasm barely misses you.
The dart slug launches a dart at you. The slug dart hits you.
You hit the bat.
You kill the bat!
You hit the endoplasm but do no damage.
The endoplasm jiggles.
The endoplasm freezes you.
You are frozen.
The dart slug launches a dart at you. The slug dart hits you.
You die...

... .# ..... ..# .....##
.... .......#######...#
..#.#.............
#.#.#...$........ #.##.##
.#_#....)........ #.##.#.
#.#.#.%..@....... #.##.#.
..#.#......J..(...###.##...
....w...=...........#.#..#
###...).######....#.#.#..#
#####....# #....#.#....##
####.###....#.#......
#..##....#...##.##
##.##....#..###.#
#.........## #.#


You could see a dart slug and an endoplasm.

Vanquished Creatures
  2 goblins (D:1)
  A quokka (D:1)
  A ball python (D:1)
  2 bats (D:1)
  A frilled lizard (D:1)
  2 kobolds (D:1)
9 creatures vanquished.

Notes
Turn   | Place    | Note
-------+----------+-------------------------------------------
     0 | D:1      | qw the Tengu Warper began the quest for the Orb.
     0 | D:1      | Reached XP level 1. HP: 12/12 MP: 4/4
     0 | D:1      | 0 ||| qw: Version: 0.1-a-89-g26bdef1
     0 | D:1      | 0 ||| qw: Game counter: 3234
     0 | D:1      | 0 ||| qw: Always use a shield: true
     0 | D:1      | 0 ||| qw: God list: Okawaru
     0 | D:1      | 0 ||| qw: Allow faded altars: false
     0 | D:1      | 0 ||| qw: Do Orc after D:15 true
     0 | D:1      | 0 ||| qw: Do second Lair branch before Depths: true
     0 | D:1      | 0 ||| qw: Lair rune preference: random
     0 | D:1      | 0 ||| qw: Plans: Normal
     0 | D:1      | 0 ||| PLANNING D:1-11
   433 | D:1      | Found a faded altar of an unknown god.
   441 | D:1      | Reached XP level 2. HP: 15/17 MP: 6/6
   443 | D:1      | Reached skill level 3 in Axes
   446 | D:1      | HP: 4/17 [dart slug/slug dart (2)]
   447 | D:1      | Killed from afar by a dart slug

Levels and vault maps discovered:
D:1:      saegor_arrival_simple_c, layout_basic,
          chequers_ecumenical_altar_simple_redux

Skill      XL: |  1  2 |
---------------+-------+-----
Axes           | 3 |  3.0
Fighting       | |  2.0
Throwing       | |  1.0
Armour         | |  1.1
Dodging        | |  2.1
Spellcasting   | |  2.0
Translocations | |  2.4

Action                   || total
-------------------------++-------
Melee: Hand axe          ||    18
       Kick              ||     6
       Peck              ||     3
Throw: Boomerang         ||     7
Armor: Leather armour    ||     6
Dodge: Dodged            ||    13

Table legend:
 A = Non-vault XP
 B = Vault XP
 C = Vault XP percentage of total XP
 D = Non-vault monster count
 E = Vault monster count
 F = Vault count percentage of total count
                 A         B        C        D         E       F
            +---------+---------+-------+---------+---------+-------
      Total |      13 |       0 |   0.0 |       9 |       0 |   0.0
            +---------+---------+-------+---------+---------+-------
        D:1 |      13 |       0 |   0.0 |       9 |       0 |   0.0
            +---------+---------+-------+---------+---------+-------
